 Dungeon Crawl Stone Soup version 0.23.2-30-g0e89c35649 (webtiles) character file.

Game seed: 5448214296243116486

199 colophon the Sneak (level 6, -1/35 HPs)
             Began as a Kobold Enchanter on June 23, 2019.
             Slain by a river rat (3 damage)
             ... in a sewer.
             The game lasted 00:13:50 (3366 turns).

colophon the Sneak (Kobold Enchanter)               Turns: 3366, Time: 00:13:53

Health: -1/35      AC:  2    Str:  5    XL:     6   Next: 6%
Magic:  1/10       EV: 22    Int: 17    God:
Gold:   124        SH:  0    Dex: 22    Spells: 5/11 levels left

rFire    . . .     SeeInvis .   a - +1 dagger
rCold    . . .     Gourm    .   (shield restricted)
rNeg     . . .     Faith    .   b - +0 robe
rPois    .         Spirit   .   (no helmet)
rElec    .         Reflect  .   (no cloak)
rCorr    .         Harm     .   (no gloves)
MR       .....                  (no boots)
Stlth    ++++......             (no amulet)
HPRegen  0.11/turn              (no ring)
MPRegen  0.12/turn              (no ring)

@: agile, very slightly contaminated
A: small, carnivore
a: no special abilities


You were in a sewer.
You were very full.

You visited 1 branch of the dungeon, and saw 3 of its levels.
You also visited: Sewer.

You collected 124 gold pieces.

Inventory:

Hand Weapons
 a - a +1 dagger (weapon)
 g - a +0 dagger
Missiles
 j - 24 bolts
Armour
 b - a +0 robe (worn)
 m - a +0 helmet
 n - a +1 helmet
Wands
 l - a wand of iceblast (6)
Scrolls
 e - a scroll of immolation {unknown}
 h - a scroll of enchant weapon {unknown}
 q - a scroll of remove curse {unknown}
 s - a scroll of fog {unknown}
 t - a scroll of teleportation {unknown}
 u - a scroll of fear {unknown}
 v - a scroll of magic mapping {unknown}
Potions
 f - a potion of resistance {unknown}
 i - a potion of ambrosia {unknown}
 k - a potion of degeneration {unknown}
 p - a potion of mutation {unknown}
 r - a potion of berserk rage {unknown}
Comestibles
 d - 3 rations
 o - 4 chunks of flesh


   Skills:
 + Level 2.2 Fighting
 + Level 3.5 Short Blades
 + Level 3.7 Dodging
 + Level 5.3 Stealth
 - Level 3.0 Spellcasting
 - Level 3.0 Hexes
 + Level 0.4 Ice Magic


You had 5 spell levels left.
You knew the following spells:

 Your Spells              Type           Power        Failure   Level  Hunger
a - Corona                Hex            ##.....      4%          1    None
b - Ensorcelled Hibernat  Hex/Ice        #.....       13%         2    ##.....
c - Confuse               Hex            ##......     16%         3    ###....

Your spell library contained the following spells:

 Spells                   Type           Power        Failure   Level  Hunger
 Tukima's Dance           Hex            ##......     16%         3    ###....
 Dazzling Spray           Conj/Hex       #.....       28%         3    ###....


Dungeon Overview and Level Annotations

Branches:
Dungeon (3/15)

Altars:


Innate Abilities, Weirdness & Mutations

You are small and have problems with some larger weapons.
You are carnivorous and can eat meat at any time.


Message History

The river rat bites you.
* * * LOW HITPOINT WARNING * * *
The rat misses you. The river rat misses you.
Casting: Ensorcelled Hibernation (safe; 13% risk of failure)
Confirm with . or Enter, or press ? or * to list all spells.
Aiming: Ensorcelled Hibernation (safe; 13% risk of failure)
Press: ? - help, Shift-Dir - straight line, f - ball python
Aim: a ball python (water, chance to defeat MR: 57%)
The ball python resists with significant effort.
The rat closely misses you. The ball python barely misses you.
The ball python closely misses you. The river rat bites you.
* * * LOW HITPOINT WARNING * * *
The rat barely misses you. The river rat closely misses you.
It was a potion of agility.
You feel agile all of a sudden. The rat completely misses you.
The ball python bites you but does no damage.
The ball python misses you. The river rat closely misses you.
The rat completely misses you. The river rat bites you.
You die...

...r.##
##......
......
#......#
##..≈≈##
##≈≈≈≈##
#≈≈≈≈≈≈#
#≈≈≈≈≈≈#
#≈≈≈≈≈≈#
#≈≈≈≈≈≈#
#≈≈r≈≈≈#
#≈≈≈≈≈≈#
#≈≈r≈≈≈#
#≈≈≈≈≈≈#
#≈≈rSr≈#
#≈≈≈≈≈≈#
#≈rr@.≈#
#≈≈≈≈≈≈#
#≈≈rr..#
#.≈≈≈≈≈#
##≈≈..##
#÷≈≈≈≈≈#
#≈≈≈≈≈≈#
#≈÷≈≈≈≈#
#≈≈≈≈≈≈#
#≈≈≈≈≈≈#
#≈≈≈≈≈≈#
#≈≈≈≈≈≈#
#≈≈≈≈≈≈#
#≈≈≈≈≈≈#
#≈≈≈≈≈≈#
#≈≈≈≈≈≈#
#≈≈≈≈≈≈#
#≈≈≈≈≈≈#


You could see 2 river rats, a ball python and 6 rats.

Vanquished Creatures
  A scorpion (D:3)
  An iguana (D:2)
  2 adders (D:2)
  3 river rats (Sewer)
  A worm (D:2)
  A dart slug (D:1)
  4 leopard geckos
  2 giant cockroaches (D:3)
  8 goblins
  5 hobgoblins
  4 jackals (D:2)
  5 kobolds
  8 ball pythons
  5 bats
  7 frilled lizards
  19 rats
76 creatures vanquished.

Notes
Turn   | Place    | Note
-------+----------+-------------------------------------------
     0 | D:1      | colophon the Kobold Enchanter began the quest for the Orb.
     0 | D:1      | Reached XP level 1. HP: 10/10 MP: 3/3
   207 | D:1      | Reached XP level 2. HP: 16/16 MP: 1/5
   215 | D:1      | Learned a level 2 spell: Ensorcelled Hibernation
   633 | D:1      | Reached XP level 3. HP: 16/20 MP: 3/6
   638 | D:1      | Learned a level 3 spell: Confuse
   714 | D:1      | Reached skill level 1 in Fighting
  1483 | D:2      | Reached XP level 4. HP: 7/25 MP: 4/8
  2578 | D:3      | Reached skill level 5 in Stealth
  2578 | D:3      | Reached XP level 5. HP: 30/30 MP: 9/9
  2581 | D:3      | Found a glowing drain.
  2619 | Sewer    | Entered a sewer
  3104 | Sewer    | Reached XP level 6. HP: 27/35 MP: 1/10
  3365 | Sewer    | HP: 1/35 [river rat (6)]
  3366 | Sewer    | Slain by a river rat

Skill      XL: |  1  2  3  4 |
---------------+-------------+-----
Short Blades   | 2 3 |  3.5
Fighting       | 1 2 |  2.2
Dodging        | 3 |  3.7
Stealth        | 5 |  5.3
Spellcasting   | 3 |  3.0
Hexes          | |  3.0
Ice Magic      | |  0.4

Action                   |  1- 3 |  4- 6 || total
-------------------------+-------+-------++-------
Melee: Dagger            |    75 |    76 ||   151
 Cast: Corona            |     6 |       ||     6
       Ensorcelled Hiber |    16 |    43 ||    59
  Use: Potion            |       |     1 ||     1
 Stab: Sleeping          |    19 |    30 ||    49
       Distracted        |     1 |       ||     1
  Eat: Chunk             |    11 |     8 ||    19
Armor: Robe              |    10 |    11 ||    21
Dodge: Dodged            |    60 |   104 ||   164
